cohdb
Replays
Latest Replays
All Replays
Popular Replays
Top Player Replays
Match Explorer
How It Works
Community
CoH3 Stats
Reddit
Sign in to upload your games and track your stats! →
Sign in with Steam
Match 42724925
Unlisted
Match 42724925
Overview
Messages
Build Orders
End
Vickers Machine Gun Team
Construct Section Command Post
Selects Air and Sea Battlegroup
Infantry Section
Infantry Section
Dingo Light Scout Car
Construct Platoon Command Post
Selects Supply Surplus
CMP 15cwt Truck
Construct Resource Cache
Construct Resource Cache
Construct Resource Cache
Forward Retreat Point
Selects Commando Section Paradrop
Selects M1 Pack Howitzer Paradrop
Commando Section Paradrop
Construct Company Command Post
Royal Engineer Section
Crusader II Medium Tank
Unlock Bishop Self-propelled Artillery
Bishop Self-propelled Artillery
Commando Section Paradrop
AI Takeover
Mörkökuningas
Elphiroce
Augustino_hb
djkeenan
喵头鹰
Mustache and Melons
0
0
Comments
sign in to comment!
No comments posted yet!